 Dungeon Crawl Stone Soup version 0.32-a0-871-ge202e49faa (webtiles) character file.

Game seed: 3757242024405326012

3384 porpoise the Skirmisher (level 10, -3/71 HPs)
             Began as a Human Hunter on Mar 30, 2024.
             Was a Follower of Hepliaklqana.
             Slain by a yaktaur captain (9 damage)
             ... on level 11 of the Dungeon.
             The game lasted 00:16:06 (6706 turns).

porpoise the Skirmisher (Human Hunter)              Turns: 6706, Time: 00:16:07

Health: -3/71      AC: 10    Str: 13    XL:     10   Next: 4%
Magic:  10/10      EV: 18    Int:  9    God:    Hepliaklqana [*.....]
Gold:   498        SH:  0    Dex: 20    Spells: 9/9 levels left

rFire   . . .        a - +0 orcbow
rCold   + . .        (shield currently unavailable)
rNeg    . . .        e - +0 leather armour {rC+}
rPois   .            (no helmet)
rElec   .            (no cloak)
rCorr   .            (no gloves)
SInv    .            h - +2 pair of boots
Will    .....        (no amulet)
Stlth   ++           E - +5 ring of evasion
HPRegen 0.31/turn    u - +4 ring of protection
MPRegen 0.12/turn

%: no passive effects
@: no status effects
A: reduced essence, explore regen
a: Renounce Religion, Recall Ancestor, Ancestor Identity


You were on level 11 of the Dungeon.
You worshipped Hepliaklqana.
Hepliaklqana was aware of your devotion.
You visited 2 branches of the dungeon, and saw 10 of its levels.

You collected 556 gold pieces.
You spent 58 gold pieces at shops.

Inventory:

Hand Weapons
 a - a +0 orcbow (weapon)
 b - the +7 dagger of Bloodstone {flame, rC+ rCorr SInv Stlth+}
   (You found it on level 4 of the Dungeon)

   rC+:       It protects you from cold.
   SInv:      It lets you see invisible.
   rCorr:     It protects you from acid and corrosion.
   Stlth+:    It makes you more stealthy.
 w - the +6 quarterstaff of Disaster {heavy, *Corrode rPois rF- Stlth+}
   (You found it on level 6 of the Dungeon)

   rF-:       It makes you vulnerable to fire.
   rPois:     It protects you from poison.
   *Corrode:  It may corrode you when you take damage.
   Stlth+:    It makes you more stealthy.
Missiles
 q - 6 datura-tipped darts
 F - a curare-tipped dart
 H - 7 poisoned darts
Armour
 e - a +0 leather armour of cold resistance (worn)
 h - a +2 pair of boots (worn)
 i - an orb of light
 A - a +2 kite shield
Jewellery
 g - a ring of see invisible
 u - a +4 ring of protection (right hand)
 E - a +5 ring of evasion (left hand)
Wands
 x - a wand of iceblast (9)
 y - a wand of flame (18)
Scrolls
 d - a scroll of summoning {unknown}
 j - 4 scrolls of enchant weapon
 k - 4 scrolls of immolation
 l - a scroll of vulnerability {unknown}
 o - a scroll of revelation {unknown}
 r - a scroll of blinking {unknown}
 s - a scroll of amnesia {unknown}
 v - a scroll of fear {unknown}
 C - a scroll of teleportation
 D - a scroll of butterflies
 G - 2 scrolls of identify
Potions
 c - 4 potions of might
 f - 3 potions of brilliance
 m - a potion of heal wounds
 n - 3 potions of lignification
 p - a potion of ambrosia
 t - a potion of attraction
 z - a potion of mutation
 B - a potion of degeneration {unknown}


   Skills:
 - Level 7.0 Fighting
 * Level 11.6 Ranged Weapons
 + Level 3.6 Armour
 + Level 4.2 Dodging
 - Level 1.0 Stealth


You had 9 spell levels left.
You didn't know any spells.
Your spell library contained the following spells:

 Spells                   Type           Power      Damage    Failure   Level
 Apportation              Tloc           0%         N/A       45%         1
 Freeze                   Ice            0%         1d3       45%         1
 Necrotise                Necr           0%         1d4       45%         1
 Shock                    Conj/Air       0%         1d3       45%         1
 Sting                    Conj/Alch      0%         1d3       45%         1
 Summon Small Mammal      Summ           0%         N/A       45%         1
 Jinxbite                 Hex            0%         N/A       58%         2
 Frozen Ramparts          Ice            0%         1d1       83%         3
 Hailstorm                Conj/Ice       0%         3d5       83%         3
 Swiftness                Air            0%         N/A       83%         3
 Airstrike                Air            0%         2d(0-16)  99%         4
 Alistair's Intoxication  Alch           0%         N/A       100%        5


Dungeon Overview and Level Annotations

Branches:
Dungeon (8/15)             Temple (1/1) D:6
   Lair: D:8-11

Altars:
Ashenzari
Cheibriados
Dithmenos
Elyvilon
Fedhas
Gozag
Hepliaklqana
Kikubaaqudgha
Makhleb
Nemelex Xobeh
Okawaru
Qazlal
Ru
Sif Muna
Trog
Uskayaw
Vehumet
Wu Jian
Xom
Yredelemnul
Zin
The Shining One

Shops:
D:2 *


Innate Abilities, Weirdness & Mutations

Your life essence is reduced to manifest your ancestor. (-10% HP)
You regain HP and MP as you explore.


Message History

The arrow hits the tengu warrior but does no damage.
The tengu warrior hits you with a +0 halberd.
The tengu warrior completely misses you.
The tengu warrior claws you.
A yaktaur captain comes into view.
You shoot an arrow. The arrow hits the tengu warrior!
The tengu warrior is lightly wounded.
The tengu warrior misses you.
The tengu warrior pecks you but does no damage.
The tengu warrior claws you.
You shoot an arrow. The arrow misses the tengu warrior.
The tengu warrior barely misses you.
The tengu warrior pecks you but does no damage.
The tengu warrior claws you.
You shoot an arrow.
The arrow hits the tengu warrior but does no damage.
The tengu warrior is lightly wounded.
You shoot an arrow.
The arrow hits the yaktaur captain but does no damage.
You shoot an arrow.
The arrow hits the yaktaur captain but does no damage.
The tengu warrior completely misses you.
You shoot an arrow. The arrow hits the yaktaur captain!
The yaktaur captain is lightly wounded.
The tengu warrior barely misses you.
The yaktaur captain completely misses you.
You shoot an arrow. The arrow hits the yaktaur captain!
The yaktaur captain is moderately wounded.
The yaktaur captain hits you but does no damage.
The tengu warrior hits you from afar with a +0 halberd.
You shoot an arrow. The arrow hits the yaktaur captain!
The yaktaur captain is heavily wounded.
The yaktaur captain hits you!
The tengu warrior hits you from afar with a +0 halberd!!
* * * LOW HITPOINT WARNING * * *
You shoot an arrow.
The arrow barely misses the yaktaur captain.
The yaktaur captain hits you!
You die...
Hepliaklqana delivers you to your ancestors.

########
#......#
#.####..#
##..#
#y##@#
#e##Qc##
#.#.#.##)#
#$#=##.##
##)# ## ##


You could see a yaktaur captain and a tengu warrior.

Vanquished Creatures
  Grinder (D:3)
  A steam dragon (D:8)
  2 orc warriors (D:6)
  2 ice beasts
  2 black bears (D:5)
  2 ogres (D:5)
  2 wolves (D:8)
  2 centaurs
  2 kobold brigands (D:8)
  3 bullfrogs
  2 scorpions
  3 howler monkeys
  3 electric eels (D:8)
  4 bombardier beetles
  5 hounds
  An orc priest (D:6)
  2 jellies (D:5)
  A gnoll bouda (D:6)
  3 sleepcaps
  2 iguanas
  6 orc wizards
  6 gnolls
  8 adders
  A shadow imp (D:7)
  A white imp (D:7)
  2 ufetubi (D:7)
  A dart slug (D:3)
  2 ribbon worms
  28 orcs
  6 bats
  6 endoplasms
  6 giant cockroaches
  12 hobgoblins
  2 jackals (D:3)
  11 kobolds
  5 quokkas
  4 ball pythons
  A frilled lizard (D:2)
  7 goblins
  7 rats
167 creatures vanquished.

Vanquished Creatures (collateral kills)
  An ice beast (D:7)
  An ogre (D:7)
  A howler monkey (D:7)
  3 hounds (D:8)
  An orc wizard (D:8)
  2 ufetubi (D:7)
  2 kobolds (D:8)
11 creatures vanquished.

Vanquished Creatures (others)
  An orc priest (D:8)
  An ancestor (D:8)
2 creatures vanquished.

Grand Total: 180 creatures vanquished

Notes
Turn   | Place    | Note
-------+----------+-------------------------------------------
     0 | D:1      | porpoise the Human Hunter began the quest for the Orb.
     0 | D:1      | Reached XP level 1. HP: 16/16 MP: 1/1
   168 | D:1      | Reached XP level 2. HP: 22/22 MP: 2/2
   547 | D:2      | Found a faded altar of an unknown god.
   623 | D:2      | Reached XP level 3. HP: 28/28 MP: 3/3
  1043 | D:2      | Reached skill level 5 in Ranged Weapons
  1114 | D:2      | Found Nickymp's Assorted Antiques.
  1122 | D:2      | Bought a scroll labelled GOUXIC DAFUP for 20 gold pieces
  1122 | D:2      | Bought a scroll labelled BUSUISHRUDAE for 20 gold pieces
  1122 | D:2      | Bought a murky orange potion for 18 gold pieces
  1126 | D:2      | Reached XP level 4. HP: 34/34 MP: 4/4
  1415 | D:3      | Noticed Grinder
  1417 | D:3      | Paralysed by Grinder for 4 turns
  1425 | D:3      | Paralysed by Grinder for 5 turns
  1445 | D:3      | Paralysed by Grinder for 4 turns
  1464 | D:3      | Paralysed by Grinder for 4 turns
  1469 | D:3      | Killed Grinder
  1470 | D:3      | Reached skill level 6 in Ranged Weapons
  1470 | D:3      | Reached XP level 5. HP: 14/42 MP: 5/5
  1470 | D:3      | Reached XP level 6. HP: 16/48 MP: 6/6
  1743 | D:3      | Identified the +1 robe "Ratzol" {Rampage}
  2196 | D:4      | Identified the +7 dagger of Bloodstone {flame, rC+ rCorr
                  | SInv Stlth+}
  2243 | D:4      | Reached skill level 7 in Ranged Weapons
  2243 | D:4      | Reached XP level 7. HP: 29/55 MP: 7/7
  2612 | D:4      | You fall into a shaft and drop 2 floors!
  2656 | D:5      | Entered Level 5 of the Dungeon
  2917 | D:5      | Reached skill level 5 in Fighting
  3506 | D:5      | Reached skill level 8 in Ranged Weapons
  3570 | D:5      | Reached XP level 8. HP: 29/63 MP: 8/8
  3987 | D:5      | Reached skill level 9 in Ranged Weapons
  4725 | D:6      | Reached skill level 10 in Ranged Weapons
  4725 | D:6      | Reached XP level 9. HP: 48/71 MP: 9/9
  5116 | D:6      | Found a staircase to the Ecumenical Temple.
  5127 | Temple   | Entered the Ecumenical Temple
  5212 | Temple   | Became a worshipper of Hepliaklqana the Forgotten
  5362 | D:6      | Identified the +6 quarterstaff of Disaster {heavy, *Corrode
                  | rPois rF- Stlth+}
  5425 | D:6      | Reached skill level 1 in Armour
  5904 | D:7      | Reached * piety under Hepliaklqana
  6019 | D:7      | Found a broken altar of Ashenzari.
  6022 | D:7      | Found an ancient bone altar of Kikubaaqudgha.
  6025 | D:7      | Found an opulent altar of Gozag.
  6283 | D:7      | Found a sacrificial altar of Ru.
  6287 | D:7      | Found a shimmering altar of Xom.
  6380 | D:8      | Reached skill level 11 in Ranged Weapons
  6559 | D:8      | Reached XP level 10. HP: 44/71 MP: 10/10
  6579 | D:8      | You fall into a shaft and drop 3 floors!
  6693 | D:11     | Noticed a deep elf archer
  6693 | D:11     | Noticed a tengu warrior
  6698 | D:11     | Noticed a yaktaur captain
  6706 | D:11     | Slain by a yaktaur captain

Illustrated notes

Levels and vault maps discovered:
D:1:      pf_arrival_petrified_forest, layout_rooms
D:2:      layout_loops_ring, shapermc_ecumenical_altar_mp_highgroup,
          serial_shops, shop, minmay_ruptured
D:3:      layout_loops_ring, chequers_serial_rivers_small_3, uniq_grinder
D:4:      layout_loops_ring, serial_bayou, serial_bayou_lagoon_b,
          serial_bayou_shore_a, serial_bayou_pond_b, serial_bayou_ford_a,
          nrook_mini_vaults
D:5:      layout_gridville, st_stairs_14, serial_bayou_lake_a
D:6:      layout_cave_pods, minmay_temple_entry_grid, lightli_orcish_oven
D:7:      layout_rooms, nicolae_overflow_hidden_temple
D:8:      layout_loops_cross, erik_lair_island, nicolae_stop_n_shop_2,
          nicolae_benzene_ring, minmay_holes
D:11:     minmay_glassy_protrusions, layout_cross, serial_shops,
          nicolae_shop_advertising_works [nicolae_subvault_shop_adworks],
          nicolae_shop_tiny_real_fake_doors, uniq_fannar, uniq_harold,
          uniq_urug, uniq_sonja
Temple:   minmay_crystal_spiral_temple

Skill      XL: |  1  2  3  4  5  6  7  8  9 |
---------------+----------------------------+-----
Ranged Weapons | 5 6 7 8 10 11 | 11.6
Fighting       | 4 5 6 7 |  7.0
Armour         | 3 |  3.6
Dodging        | 4 |  4.2
Stealth        | |  1.0

Action                     |  1- 3 |  4- 6 |  7- 9 | 10-12 || total
---------------------------+-------+-------+-------+-------++-------
  Melee: Dagger            |       |     4 |    26 |       ||    30
         Quarterstaff      |       |       |     2 |       ||     2
   Fire: Shortbow          |    84 |   124 |   395 |       ||   603
         Orcbow            |       |       |    77 |    19 ||    96
 Invoke: Ancestor Identity |       |       |     1 |       ||     1
  Evoke: Wand              |       |       |     2 |     1 ||     3
    Use: Potion            |       |     1 |     3 |       ||     4
         Scroll            |       |       |     9 |     1 ||    10
 Armour: Leather armour    |    16 |    27 |   143 |    20 ||   206
  Dodge: Dodged            |    12 |    23 |   133 |     8 ||   176

Table legend: (Time is in decaauts)
 A = Elapsed time spent in this place.
 B = Non-inter-level travel time spent in this place.
 C = Inter-level travel time spent in this place.
 D = Time resting spent in this place.
 E = Time spent auto-exploring this place.
 F = Levels seen in this place.
 G = Mean time per level.
                   A        B        C        D        E       F      G
               +--------+--------+--------+--------+--------+-----+--------+
         Total |   6788 |   6453 |    335 |   1245 |   4004 |  10 |  678.8 |
       Dungeon |   6618 |   6452 |    166 |   1245 |   4004 |   9 |  735.3 |
        Temple |    170 |      1 |    169 |      0 |      0 |   1 |  170.0 |
               +--------+--------+--------+--------+--------+-----+--------+

Top non-repeatable levels by time:
     D:5: 1386 daAuts
     D:6: 1131 daAuts
     D:4: 988 daAuts
     D:2: 880 daAuts
     D:3: 816 daAuts
     D:1: 532 daAuts
     D:7: 520 daAuts
     D:8: 235 daAuts
  Temple: 170 daAuts
    D:11: 126 daAuts
